 Dungeon Crawl Stone Soup version 0.30-a0-52-g86a8295270 (webtiles) character file.

Game seed: 3749875678076901606

42 MrFrogsmire the Cudgeller (level 4, 0/40 HPs)
             Began as a Meteoran Cinder Acolyte on Sept 6, 2022.
             Was a High Priest of Ignis.
             Slain by an orc
             ... wielding a +0 hand axe
              (4 damage)
             ... on level 3 of the Dungeon.
             The game lasted 00:06:03 (880 turns).

MrFrogsmire the Cudgeller (Meteoran Cinder Acolyte)  Turns: 880, Time: 00:06:03

Health: 0/40       AC: 10    Str: 18    XL:     4   Next: 3%
Magic:  7/7        EV:  2    Int: 15    God:    Ignis [*****.]
Gold:   88         SH:  0    Dex:  9    Spells: 5/5 levels left

rFire   + . .      SeeInvis .    a - -1 mace (flame)
rCold   . . .      Faith    .    (no shield)
rNeg    . . .      Spirit   .    d - +0 plate armour
rPois   .          Reflect  .    (no helmet)
rElec   .          Harm     .    (no cloak)
rCorr   .          Rampage  .    (no gloves)
Will    .....                    (no boots)
Stlth   ..........               (no amulet)
HPRegen 0.13/turn                (no ring)
MPRegen 0.10/turn                (no ring)

@: glowing, constricted
A: sense surroundings 1, otherworldly, glowing, explore regen
a: Renounce Religion, Fiery Armour, Foxfire Swarm, Rising Flame


You were on level 3 of the Dungeon.
You worshipped Ignis.
Ignis was extremely pleased with you.
You visited 1 branch of the dungeon, and saw 3 of its levels.

You collected 88 gold pieces.

Inventory:

Hand Weapons
 a - a -1 mace of flaming (weapon)
Armour
 b - a +0 robe
 d - a +0 plate armour (worn)
Scrolls
 e - 2 scrolls of teleportation {unknown}
 f - a scroll of identify {unknown}
Potions
 c - 2 potions of curing {unknown}
 g - a potion of heal wounds {unknown}


   Skills:
 + Level 3.7 Fighting
 + Level 5.1 Maces & Flails
 + Level 0.2 Armour
 + Level 1.3 Spellcasting
 + Level 4.0 Fire Magic


You had 5 spell levels left.
You didn't know any spells.
Your spell library contained the following spells:

 Spells                   Type           Power      Damage    Failure   Level
 Scorch                   Fire           26%        2d6       98%         2
 Static Discharge         Conj/Air       2%         3-4/arc   100%        2
 Ozocubu's Armour         Ice            1%         N/A       100%        3
 Flame Wave               Conj/Fire      7%         2d5       100%        4
 Ice Form                 Ice/Tmut       1%         N/A       100%        4
 Metabolic Englaciation   Hex/Ice        0%         N/A       100%        5
 Simulacrum               Ice/Necr       0%         N/A       100%        6


Dungeon Overview and Level Annotations

Branches:
Dungeon (3/15) Zot: 904

Altars:


Innate Abilities, Weirdness & Mutations

You passively map a small area around you.
You are easily found by Zot.
You glow in the dark.
You regain HP and MP as you explore.


Message History

The ball python constricts you. The orc hits you with a +0 whip.
The orc hits you but does no damage.
The ball python bites you but does no damage.
The ball python constricts you.
You closely miss the orc. The orc hits you but does no damage. x2
The ball python bites you but does no damage.
The ball python constricts you. The orc completely misses you.
The orc wizard hits you but does no damage.
The orc hits you but does no damage. x2
You barely miss the orc wizard.
The ball python bites you but does no damage.
The ball python constricts you.
* * * LOW HITPOINT WARNING * * *
The orc completely misses you.
The orc wizard hits you but does no damage.
The orc hits you with a +0 whip.
* * * LOW HITPOINT WARNING * * *
The orc barely misses you.
The ball python bites you but does no damage.
The ball python constricts you.
You hit the orc wizard but do no damage.
The orc hits you but does no damage. x2
The orc wizard hits you but does no damage.
The orc barely misses you.
The ball python bites you but does no damage.
The ball python constricts you.
You barely miss the orc wizard.
The ball python bites you but does no damage.
The ball python constricts you. The orc hits you with a +0 flail.
* * * LOW HITPOINT WARNING * * *
The orc wizard hits you but does no damage.
The orc hits you but does no damage. x3
You hit the orc wizard. You burn the orc wizard.
The orc wizard is moderately wounded.
The ball python bites you but does no damage.
The ball python constricts you. The orc hits you but does no damage.
The orc hits you with a +0 whip.
* * * LOW HITPOINT WARNING * * *
The orc hits you but does no damage. The orc hits you with a +0 hand axe.
You die...

*##...# , , , 8 ,
8... < ..., ,
,#####...## ,....
* .........#
#...., # #....#.#
...,,. ,
##.#......##.###..
, ,
.....#...........
,
#......†oo......,
, *,
#.#.....@o..###. ,
, .#....Soo..###..
,
..................
, ,
.....#......#..#..
,
##.#<.............
.....#.[..........
##...#.........#..
,
.................
, ,, *
..#............


You could see an orc wizard, 4 orcs and a ball python.

Vanquished Creatures
  An adder (D:3)
  2 dart slugs
  5 endoplasms
  A giant cockroach (D:2)
  2 goblins (D:1)
  4 hobgoblins
  5 kobolds
  2 ball pythons (D:1)
  A bat (D:2)
  5 rats
28 creatures vanquished.

Notes
Turn   | Place    | Note
-------+----------+-------------------------------------------
     0 | D:1      | MrFrogsmire the Meteoran Cinder Acolyte began the quest for
                  | the Orb.
     0 | D:1      | Reached XP level 1. HP: 19/19 MP: 3/3
   113 | D:1      | Reached XP level 2. HP: 12/26 MP: 5/5
   406 | D:1      | Reached XP level 3. HP: 31/31 MP: 6/6
   491 | D:1      | Glimpsed the power of Zot.
   541 | D:1      | Glimpsed the power of Zot.
   549 | D:1      | You fall into a shaft and drop 1 floor!
   766 | D:2      | Got the Tome of Moulding and Arcane Weapons
   855 | D:3      | Reached skill level 5 in Maces & Flails
   858 | D:3      | Reached XP level 4. HP: 18/40 MP: 7/7
   880 | D:3      | Slain by an orc

Illustrated notes

Levels and vault maps discovered:
D:1:      co_arrival_two_rings, layout_loops_ring, chequers_avenue,
          dreamdust_wishing_well
D:2:      layout_loops_ring
D:3:      layout_basic, serial_corexii_hall, corexii_hall_statues_i,
          corexii_hall_statues_u

Skill      XL: |  1  2  3 |
---------------+----------+-----
Fire Magic     | 4 |  4.0
Maces & Flails | 5 |  5.1
Fighting       | |  3.7
Armour         | |  0.2
Spellcasting   | |  1.3

Action                   |  1- 3 |  4- 6 || total
-------------------------+-------+-------++-------
Melee: Mace              |    76 |     9 ||    85
Armor: Plate armour      |    61 |    27 ||    88
Dodge: Dodged            |    18 |     4 ||    22

Table legend: (Time is in decaauts)
 A = Elapsed time spent in this place.
 B = Non-inter-level travel time spent in this place.
 C = Inter-level travel time spent in this place.
 D = Time resting spent in this place.
 E = Time spent auto-exploring this place.
 F = Levels seen in this place.
 G = Mean time per level.
                   A        B        C        D        E       F      G
               +--------+--------+--------+--------+--------+-----+--------+
         Total |    894 |    246 |    648 |      0 |      0 |   3 |  298.0 |
       Dungeon |    894 |    246 |    648 |      0 |      0 |   3 |  298.0 |
               +--------+--------+--------+--------+--------+-----+--------+

Top non-repeatable levels by time:
     D:1: 557 daAuts
     D:2: 300 daAuts
     D:3: 36 daAuts
